 Dungeon Crawl Stone Soup version 0.32-a0-685-g93135e86f0 (webtiles) character file.

Game seed: 11111267589571241159

133 funkygono the Firebug (level 5, -9/28 HPs)
             Began as a Gargoyle Fire Elementalist on Mar 12, 2024.
             Mangled by an ogre
             ... wielding a +0 giant club
              (13 damage)
             ... on level 4 of the Dungeon.
             The game lasted 00:05:14 (3286 turns).

funkygono the Firebug (Gargoyle Fire Elementalist)  Turns: 3286, Time: 00:05:15

Health: -9/28      AC:  7    Str: 18    XL:     5   Next: 16%
Magic:  1/9        EV: 11    Int: 17    God:
Gold:   198        SH:  0    Dex: 10    Spells: 3/9 levels left

rFire   . . .        i - +1 whip (drain)
rCold   . . .        (no shield)
rNeg    + . .        d - +0 leather armour
rPois   ∞            (no helmet)
rElec   +            (no cloak)
rCorr   .            (no gloves)
SInv    .            (no boots)
Will    .....        h - amulet of the acrobat
Stlth   ++           p - +6 ring of strength
HPRegen 0.24/turn    (no ring)
MPRegen 0.11/turn

%: acrobat
@: no status effects
A: sickness immunity, AC +4, negative energy resistance 1, electricity
resistance, torment resistance 1, petrification resistance
a: no special abilities


You were on level 4 of the Dungeon.
You visited 1 branch of the dungeon, and saw 4 of its levels.

You collected 198 gold pieces.

Inventory:

Hand Weapons
 i - a +1 whip of draining (weapon)
Armour
 a - a +0 robe
 d - a +0 leather armour (worn)
Jewellery
 h - an amulet of the acrobat (around neck)
 p - a +6 ring of strength (left hand)
Scrolls
 f - 3 scrolls of identify {unknown}
 k - a scroll of teleportation {unknown}
 m - a scroll of fear {unknown}
 n - a scroll of brand weapon {unknown}
 q - a scroll of blinking {unknown}
 r - a scroll of enchant armour {unknown}
Potions
 b - a potion of magic
 c - 2 potions of curing
 e - a potion of might {unknown}
 g - 2 potions of brilliance {unknown}
 j - 2 potions of lignification {unknown}
 l - a potion of degeneration {unknown}
 o - 2 potions of mutation {unknown}


   Skills:
 + Level 0.2 Fighting
 + Level 0.4 Maces & Flails
 + Level 1.1 Armour
 + Level 1.9 Dodging
 + Level 3.0 Stealth
 + Level 0.2 Unarmed Combat
 + Level 2.8 Spellcasting
 + Level 2.2 Conjurations
 + Level 3.8 Fire Magic


You had 3 spell levels left.
You knew the following spells:

 Your Spells              Type           Power      Damage    Failure   Level
a - Foxfire               Conj/Fire      48%        2x1d6     6%          1
b - Scorch                Fire           30%        2d6       7%          2
c - Volatile Blastmotes   Fire/Tloc      16%        2d11      28%         3

Your spell library contained the following spells:

 Spells                   Type           Power      Damage    Failure   Level
 Apportation              Tloc           4%         N/A       22%         1
 Inner Flame              Hex/Fire       8%         N/A       28%         3
 Jinxbite                 Hex            4%         N/A       32%         2
 Passwall                 Erth           2%         N/A       54%         3
 Sigil of Binding         Hex            2%         N/A       54%         3
 Flame Wave               Conj/Fire      12%        2d6       52%         4
 Alistair's Intoxication  Alch           1%         N/A       99%         5
 Bombard                  Conj/Erth      3%         9d1       100%        6
 Death Channel            Necr           1%         N/A       100%        6
 Sculpt Simulacrum        Ice/Alch       1%         N/A       100%        6


Dungeon Overview and Level Annotations

Branches:
Dungeon (4/15)
 Temple: D:4-7

Altars:
Zin

Shops:
D:3 (   D:4 (


Innate Abilities, Weirdness & Mutations

You are immune to sickness and miasma.
Your stone body is resilient. (AC +4)
You are immune to poison.
You resist negative energy. (rN+)
You are resistant to electric shocks. (rElec)
You are resistant to unholy torment.
You are immune to petrification.


Message History

You hit the adder. You drain the adder.
The adder is severely wounded.
The adder closely misses you.
You hit the adder. You drain the adder.
You kill the adder!
An ogre comes into view. It is wielding a +0 giant club.
The ogre shouts!
Casting: Foxfire (safe; 6% risk of failure)
Confirm with . or Enter, or press ? or * to list all spells.
Flames lash the ogre.
The ogre is moderately wounded.
The ogre's fire resistance burns away.
Casting: Scorch (safe; 7% risk of failure)
Confirm with . or Enter, or press ? or * to list all spells.
Flames lash the ogre.
The ogre is burned terribly!
The ogre is moderately wounded.
The ogre hits you with a +0 giant club!!
Ouch! That really hurt!
* * * LOW HITPOINT WARNING * * *
Unknown command.
Unknown command.
It was a potion of curing.
You feel better. The ogre hits you with a +0 giant club!
* * * LOW HITPOINT WARNING * * *
Casting: Scorch (safe; 7% risk of failure)
Confirm with . or Enter, or press ? or * to list all spells.
Flames lash the ogre.
The ogre is burned terribly!
The ogre is heavily wounded.
Casting: Scorch (safe; 7% risk of failure)
Confirm with . or Enter, or press ? or * to list all spells.
Flames lash the ogre.
The ogre is burned terribly!
The ogre is almost dead.
The ogre misses you.
Casting: Scorch (safe; 7% risk of failure)
Confirm with . or Enter, or press ? or * to list all spells.
You don't have enough magic to cast this spell.
You hit the ogre.
The ogre is almost dead.
The ogre hits you with a +0 giant club!
You die...

# #.#
#.####
#....# .
####.# ##
#.# ♣♣
#.# ..
#.#
♣♣♣♣♣.#.#
......O@#
#.#######


You could see an ogre (combustible).

Vanquished Creatures
  4 adders
  3 gnolls (D:2)
  A dart slug (D:1)
  A ribbon worm (D:2)
  5 orcs
  11 ball pythons
  2 endoplasms
  2 giant cockroaches
  5 goblins
  6 hobgoblins
  4 jackals (D:3)
  3 quokkas (D:1)
  2 bats (D:3)
  A frilled lizard (D:1)
  3 kobolds
  6 rats
59 creatures vanquished.

Vanquished Creatures (collateral kills)
  A foxfire (D:1)
1 creature vanquished.

Vanquished Creatures (others)
  129 foxfires
129 creatures vanquished.

Grand Total: 189 creatures vanquished

Notes
Turn   | Place    | Note
-------+----------+-------------------------------------------
     0 | D:1      | funkygono the Gargoyle Fire Elementalist began the quest
                  | for the Orb.
     0 | D:1      | Reached XP level 1. HP: 10/10 MP: 3/3
   161 | D:1      | Reached XP level 2. HP: 7/15 MP: 0/5
   230 | D:1      | Learned a level 2 spell: Scorch
   873 | D:1      | Found a faded altar of an unknown god.
  1017 | D:1      | Reached XP level 3. HP: 19/19 MP: 4/6
  1021 | D:1      | Learned a level 3 spell: Volatile Blastmotes
  1436 | D:2      | Reached skill level 1 in Armour
  1436 | D:2      | Reached XP level 4. HP: 24/24 MP: 3/7
  2278 | D:3      | Identified the +9 trident of the Crafting Gods {holy, rElec
                  | rPois rF+ rCorr}
  2483 | D:3      | Identified the +6 short sword of the Mauling Fox {drain,
                  | ^Fragile rElec Str+5 Dex+4}
  2499 | D:3      | Found Qaariz's Weapon Emporium.
  3013 | D:4      | Found Tiogreke's Weapon Shoppe.
  3018 | D:4      | Reached XP level 5. HP: 28/28 MP: 5/9
  3082 | D:4      | Found a glowing silver altar of Zin.
  3280 | D:4      | Noticed an ogre
  3286 | D:4      | Mangled by an ogre

Illustrated notes

Levels and vault maps discovered:
D:1:      spicycebolla_green_bress_n_ham_2, layout_basic,
          shapermc_ecumenical_altar_notcrosses, hangedman_decor_clover_reticule,
          minivault_25
D:2:      layout_basic
D:3:      layout_basic, serial_shops, nicolae_square_shop
D:4:      layout_loops_cross, general_overflow_altar, zin_statuary,
          serial_shops, shop, shop, nicolae_shop_peninsula

Skill      XL: |  1  2  3  4 |
---------------+-------------+-----
Armour         | 1 |  1.1
Stealth        | 3 |  3.0
Conjurations   | 2 |  2.2
Fighting       | |  0.2
Maces & Flails | |  0.4
Dodging        | |  1.9
Unarmed Combat | |  0.2
Spellcasting   | |  2.8
Fire Magic     | |  3.8

Action                     |  1- 3 |  4- 6 || total
---------------------------+-------+-------++-------
  Melee: Unarmed           |    12 |       ||    12
         Club              |     1 |       ||     1
         Whip              |     7 |    43 ||    50
   Cast: Foxfire           |    48 |    31 ||    79
         Scorch            |       |     5 ||     5
    Use: Potion            |       |     1 ||     1
   Stab: Sleeping          |       |     1 ||     1
 Armour: Robe              |    12 |       ||    12
         Leather armour    |     4 |    26 ||    30
  Dodge: Dodged            |    15 |    32 ||    47

Table legend: (Time is in decaauts)
 A = Elapsed time spent in this place.
 B = Non-inter-level travel time spent in this place.
 C = Inter-level travel time spent in this place.
 D = Time resting spent in this place.
 E = Time spent auto-exploring this place.
 F = Levels seen in this place.
 G = Mean time per level.
                   A        B        C        D        E       F      G
               +--------+--------+--------+--------+--------+-----+--------+
         Total |   3290 |   3202 |     88 |     45 |   2642 |   4 |  822.5 |
       Dungeon |   3290 |   3202 |     88 |     45 |   2642 |   4 |  822.5 |
               +--------+--------+--------+--------+--------+-----+--------+

Top non-repeatable levels by time:
     D:1: 1232 daAuts
     D:2: 1034 daAuts
     D:3: 735 daAuts
     D:4: 288 daAuts
